 Dungeon Crawl Stone Soup version 0.18-a0-921-g28655ce (webtiles) character file.

196 filipzpl the Insei (level 5, -2/40 HPs)
             Began as a Draconian Transmuter on Dec 27, 2015.
             Killed by divine providence
             ... invoked by an orc priest
              (7 damage)
             ... on level 3 of the Dungeon.
             The game lasted 00:10:10 (3372 turns).

filipzpl the Insei (Draconian Transmuter)           Turns: 3372, Time: 00:10:10

Health: -2/40      AC:  2    Str: 12    XL:     5   Next: 46%
Magic:  6/8        EV: 19    Int: 14    God:
Gold:   182        SH:  0    Dex: 17    Spells: 2 memorised, 4 levels left

rFire  . . .     SeeInvis .       - Unarmed
rCold  . . .     Gourm    .     (armour unavailable)
rNeg   . . .     Faith    +     (shield currently unavailable)
rPois  x         Spirit   .     (helmet currently unavailable)
rElec  .         Dismiss  .     (cloak currently unavailable)
rCorr  .         Reflect  .     (gloves currently unavailable)
SustAt .         Harm     .     (boots currently unavailable)
MR     .....                    n - amulet of faith
Stlth  ++........               (no ring)
                                l - ring of wizardry

@: spider-form (expiring), not resistant to hostile enchantments, unstealthy
A: unfitting armour, (cold-blooded), AC +5
a: End Transformation


You were on level 3 of the Dungeon.
You were hungry.
You were a venomous arachnid creature.
You visited 1 branch of the dungeon, and saw 3 of its levels.

You collected 182 gold pieces.

Inventory:

Missiles
 a - 76 arrows
Jewellery
 l - a ring of wizardry (left front leg)
 n - an amulet of faith (around neck)
Scrolls
 d - a scroll of recharging
 e - 2 scrolls of enchant armour
 f - 2 scrolls of remove curse
 h - a scroll of teleportation
 k - a scroll of immolation {unknown}
Potions
 g - 2 potions of might {unknown}
 i - a potion of agility {unknown}
 j - a potion of flight {unknown}
 m - a potion of lignification {unknown}
 p - a potion of brilliance {unknown}
 q - a potion of curing {unknown}
Books
 b - a book of Changes

   Spells                             Type                      Level
   a - Beastly Appendage              Transmutation                1
   b - Sticks to Snakes               Transmutation                2
   c - Spider Form                    Transmutation/Poison         3
   d - Ice Form                       Ice/Transmutation            4
   e - Blade Hands                    Transmutation                5
Comestibles
 c - a bread ration
 o - a beef jerky
 r - 2 chunks of flesh


   Skills:
 - Level 1.1 Fighting
 - Level 1.7 Dodging
 + Level 5.5 Unarmed Combat
 - Level 2.0 Spellcasting
 - Level 2.6 Transmutations
 - Level 1.9 Poison Magic


You had 4 spell levels left.
You knew the following spells:

 Your Spells              Type           Power        Failure   Level  Hunger
a - Beastly Appendage     Trmt           #.....       10%         1    ##.....
b - Spider Form           Trmt/Pois      #.........   24%         3    ####...


Dungeon Overview and Level Annotations

Branches:
Dungeon (3/15)

Altars:
Gozag
Okawaru


Innate Abilities, Weirdness & Mutations

((Your plain brown scales are hard (AC +5).))
Your body does not fit into most forms of armour.
((You are cold-blooded and may be slowed by cold attacks.))


Message History

The orc wizard is lightly wounded.
The orc wizard closely misses you.
The orc priest invokes the aid of Beogh against you.
Pain shoots through your body!
The orc wizard casts a spell.
The orc wizard blinks!
Your transformation is almost over.
The orc wizard gestures at you while chanting.
The magic dart hits you!
* * * LOW HITPOINT WARNING * * *
The orc wizard hits you with a dagger.
* * * LOW HITPOINT WARNING * * *
The orc wizard hits you with a dagger.
* * * LOW HITPOINT WARNING * * *
The orc wizard misses you. The orc priest completely misses you.
The orc wizard misses you. The orc wizard misses you.
The orc priest invokes the aid of Beogh against you.
Something smites you!
You die...

#...##..........#.###)###
##..##.##########.#......
#..##.##########.#......
##.##.#..........#......
#.##.#.#####...##...... #.##.#.#
#...##...... #.##.#.#
#...##†..... #.##.#.#
#...##...... ##########.##.#s#
#...##...... ##.......##>...#o#
#...##...... .#.......#######.#
############ .#.......#
####o################ .#.......#
#..o.................
.#.......####..o#####......######
.'.......'.o'...'...'......'.....
.#.......####...#####....[.######
########## #...# #......#


You could see 2 orc priests, an orc wizard and an orc.

Vanquished Creatures
  The ghost of Gorice the Scratcher, a weakling FeWn (D:3)
  An iguana (D:3)
  A gnoll (D:1)
  3 adders
  2 oozes
  3 worms
  3 giant geckos
  4 orcs (D:3)
  7 bats
  4 giant cockroaches
  11 goblins
  7 hobgoblins
  6 jackals
  8 giant newts
  8 kobolds
  2 quokkas (D:3)
  12 rats
83 creatures vanquished.

Notes
Turn   | Place    | Note
--------------------------------------------------------------
     0 | D:1      | filipzpl the Draconian Transmuter began the quest for the Orb.
     0 | D:1      | Reached XP level 1. HP: 16/16 MP: 3/3
   236 | D:1      | Reached XP level 2. HP: 21/23 MP: 5/5
   480 | D:1      | Reached skill level 4 in Unarmed Combat
   488 | D:1      | Reached XP level 3. HP: 10/28 MP: 6/6
   858 | D:1      | Learned a level 3 spell: Spider Form
  1187 | D:2      | Reached skill level 1 in Poison Magic
  1204 | D:2      | Found an opulent altar of Gozag.
  1345 | D:2      | Reached XP level 4. HP: 33/35 MP: 3/7
  1603 | D:2      | Found an iron altar of Okawaru.
  2380 | D:3      | Noticed Gorice's ghost (weakling FeWn)
  2391 | D:3      | Killed Gorice's ghost
  2391 | D:3      | Reached XP level 5. HP: 27/40 MP: 4/8
  2735 | D:3      | Reached skill level 5 in Unarmed Combat
  3372 | D:3      | Killed from afar by an orc priest

Vault maps used:
D:1:      lightli_arrival_flooded_house
D:2:      nicolae_overflow_hidden_temple, lemuel_doored_altar

Action                   |  1- 3 |  4- 6 || total
-------------------------+-------+-------++-------
Melee: Unarmed           |   137 |   145 ||   282
 Cast: Beastly Appendage |     1 |       ||     1
       Spider Form       |     2 |     5 ||     7
  Use: Scroll            |       |     6 ||     6
 Stab: Sleeping          |       |     1 ||     1
  Eat: Chunk             |       |     4 ||     4
       Bread ration      |       |     1 ||     1
